 Dungeon Sprint DCSS version 0.17-a0-2093-gc772f4b (webtiles) character file.

801 Kidiri the Thaumaturge (level 7, 0/49 HPs)
             Began as a High Elf Fire Elementalist on Oct 16, 2015.
             Was an Elder of Vehumet.
             Slain by a red devil
             ... wielding a +0 trident
              (16 damage)
             ... in the Dungeon (Sprint VII: "The Pits").
             The game lasted 00:08:30 (1285 turns).

Kidiri the Thaumaturge (High Elf Fire Elementalist) Turns: 1285, Time: 00:08:30

Health: 0/49       AC:  7    Str:  7    XL:     7   Next: 59%
Magic:  17/20      EV: 18    Int: 21    God:    Vehumet [****..]
Gold:   0          SH:  0    Dex: 16    Spells: 6 memorised, 5 levels left

rFire  . . .     SeeInvis .     r - +0 quarterstaff (protect)
rCold  . . .     Clarity  .     a - +0 robe
rNeg   . . .     SustAt   .     (no shield)
rPois  .         Gourm    .     (no helmet)
rElec  .         Spirit   .     (no cloak)
rCorr  .         Warding  .     (no gloves)
rMut   .         NoTele   +     (no boots)
MR     .....                    (no amulet)
Stlth  ++........               (no ring)
                                (no ring)

@: not resistant to hostile enchantments, unstealthy
A: no striking features
a: Renounce Religion


You were in the Dungeon.
You worshipped Vehumet.
Vehumet was greatly pleased with you.
You were not hungry.

You visited 1 branch

Inventory:

Hand Weapons
 r - a +0 quarterstaff of protection (weapon)
Armour
 a - a +0 robe (worn)
Scrolls
 i - a scroll of blinking
 m - 3 scrolls of remove curse
 n - 5 scrolls of amnesia
 o - a scroll of summoning
Potions
 d - 6 potions of curing
 e - 6 potions of heal wounds
 f - a potion of haste
 g - 2 potions of magic
 h - 3 potions of berserk rage
 l - 2 potions of invisibility
Books
 b - a book of Flames

   Spells                             Type                      Level
   a - Flame Tongue                   Conjuration/Fire             1
   b - Throw Flame                    Conjuration/Fire             2
   c - Conjure Flame                  Conjuration/Fire             3
   d - Inner Flame                    Hexes/Fire                   3
   e - Sticky Flame                   Conjuration/Fire             4
   f - Fireball                       Conjuration/Fire             5
Comestibles
 c - 7 bread rations
 j - 40 fruits
 k - 7 meat rations
 p - 4 chunks of flesh


   Skills:
 + Level 4.3 Fighting
 + Level 4.3 Staves
 + Level 4.7 Armour
 * Level 8.6 Dodging
 - Level 2.1 Stealth
 * Level 8.7 Spellcasting
 + Level 5.9 Conjurations
 + Level 3.1 Hexes
 * Level 8.2 Fire Magic


You had 5 spell levels left.
You knew the following spells:

 Your Spells              Type           Power        Failure   Level  Hunger
a - Flame Tongue          Conj/Fire      #####        1%          1    None
b - Throw Flame           Conj/Fire      #####.       1%          2    None
c - Conjure Flame         Conj/Fire      #####...     1%          3    None
d - Inner Flame           Hex/Fire       ####....     1%          3    None
e - Sticky Flame          Conj/Fire      #####...     1%          4    ###....
f - Fireball              Conj/Fire      #####.....   4%          5    #####..


Dungeon Overview and Level Annotations

Branches:
Dungeon (1/1)

Altars:
Ashenzari
Cheibriados
Dithmenos
Elyvilon
Fedhas
Gozag
Kikubaaqudgha
Makhleb
Nemelex Xobeh
Okawaru
Qazlal
Ru
Sif Muna
Trog
Vehumet
Xom
Yredelemnul
Zin
The Shining One
Beogh
Jiyva
Lugonu


Message History

Unknown command.
You hit the red devil.
The red devil is lightly wounded.
You barely miss the red devil.
The red devil is lightly wounded.
The red devil hits you with a trident!
You completely miss the red devil.
The red devil is lightly wounded.
The red devil hits you with a trident!
You open the door.
The red devil stops burning.
The red devil closely misses you. The red devil closely misses you.
There is an open door here.
You close the door.
A red devil opens the door.
As you close the door, it creaks loudly!
A red devil opens the door.
You close the door.
A red devil opens the door.
There's a creature in the doorway!
The red devil hits you from afar with a trident!
You die...

#.#..########...<...#
#[#..+.)))[##.......#
#.#..#.)))[##.......#
#'###########.......#
#.......# #########
#.......# #...#...#
#..###..#+#
#...#.@.#.+
#.....[.#'#
#.......4.#
###########


You could see a red devil.

Vanquished Creatures
  Pikel (D)
  4 slaves (D)
  Purgy (D)
  A big kobold (D)
  2 brain worms (D)
  A gnoll (D)
  2 river rats (D)
  2 giant eyeballs (D)
  An adder zombie (D)
  A ball python (D)
  A giant gecko skeleton (D)
  2 giant newts (D)
  A rat (D)
20 creatures vanquished.

Notes
Turn   | Place    | Note
--------------------------------------------------------------
     0 | D        | Kidiri the High Elf Fire Elementalist began the quest for the Orb.
     0 | D        | Reached XP level 1. HP: 11/11 MP: 4/4
    11 | D        | Noticed a brain worm
    27 | D        | Killed a brain worm
    27 | D        | Reached skill level 4 in Dodging
    27 | D        | Reached skill level 5 in Fire Magic
    27 | D        | Reached XP level 2. HP: 17/17 MP: 0/8
    27 | D        | Reached XP level 3. HP: 21/21 MP: 0/10
    27 | D        | Reached XP level 4. HP: 27/27 MP: 0/11
    31 | D        | Learned a level 2 spell: Throw Flame
    35 | D        | Learned a level 3 spell: Conjure Flame
    40 | D        | Learned a level 4 spell: Sticky Flame
    83 | D        | Found a sacrificial altar of Ru.
    83 | D        | Found a basalt altar of Yredelemnul.
    83 | D        | Found a shadowy altar of Dithmenos.
    83 | D        | Found a deep blue altar of Sif Muna.
    83 | D        | Found a burning altar of Makhleb.
    83 | D        | Found a shimmering altar of Xom.
    83 | D        | Found an ancient bone altar of Kikubaaqudgha.
    83 | D        | Found a sparkling altar of Nemelex Xobeh.
    84 | D        | Found a glowing golden altar of the Shining One.
    84 | D        | Found a bloodstained altar of Trog.
    84 | D        | Found a shattered altar of Ashenzari.
    84 | D        | Found a white marble altar of Elyvilon.
    84 | D        | Found a snail-covered altar of Cheibriados.
    84 | D        | Found a blossoming altar of Fedhas.
    84 | D        | Found a radiant altar of Vehumet.
    84 | D        | Found a glowing silver altar of Zin.
    84 | D        | Found a corrupted altar of Lugonu.
    84 | D        | Found a viscous altar of Jiyva.
    84 | D        | Found a roughly hewn altar of Beogh.
    84 | D        | Found an iron altar of Okawaru.
    90 | D        | Found a stormy altar of Qazlal.
    90 | D        | Found an opulent altar of Gozag.
    92 | D        | Became a worshipper of Vehumet
   122 | D        | Reached skill level 5 in Spellcasting
   138 | D        | Learned a level 3 spell: Inner Flame
   186 | D        | Reached * piety under Vehumet
   186 | D        | Offered knowledge of Freeze by Vehumet.
   339 | D        | Reached skill level 1 in Staves
   339 | D        | Reached skill level 5 in Dodging
   418 | D        | Reached ** piety under Vehumet
   418 | D        | Offered knowledge of Sting by Vehumet.
   675 | D        | Noticed a slave
   676 | D        | Paralysed by a giant eyeball for 2 turns
   679 | D        | Paralysed by a giant eyeball for 2 turns
   682 | D        | Paralysed by a giant eyeball for 2 turns
   687 | D        | Killed a slave
   688 | D        | Noticed a big kobold
   690 | D        | Noticed a slave
   691 | D        | Noticed Purgy
   691 | D        | Noticed a brain worm
   902 | D        | Noticed a slave
   908 | D        | Killed a slave
   921 | D        | Offered knowledge of Dazzling Spray by Vehumet.
   944 | D        | Killed a big kobold
   944 | D        | Reached *** piety under Vehumet
   944 | D        | Reached skill level 1 in Fighting
   944 | D        | Reached skill level 6 in Dodging
   944 | D        | Reached XP level 5. HP: 31/34 MP: 8/14
   959 | D        | Killed Purgy
   959 | D        | Reached XP level 6. HP: 38/41 MP: 8/16
   966 | D        | Learned a level 5 spell: Fireball
   987 | D        | Noticed Pikel
   994 | D        | Killed a slave
   995 | D        | Noticed a slave
   995 | D        | Killed Pikel
   995 | D        | Reached skill level 8 in Dodging
   995 | D        | Reached skill level 5 in Conjurations
   995 | D        | Reached XP level 7. HP: 45/48 MP: 3/20
  1117 | D        | Killed a brain worm
  1117 | D        | Offered knowledge of Force Lance by Vehumet.
  1188 | D        | Killed a freed slave
  1248 | D        | Reached **** piety under Vehumet
  1271 | D        | Noticed a red devil
  1285 | D        | Slain by a red devil

Vault maps used:
D:        pitsprint

Action                   |  1- 3 |  4- 6 |  7- 9 || total
-------------------------+-------+-------+-------++-------
Melee: Unarmed           |     3 |       |       ||     3
       Quarterstaff      |       |    16 |     7 ||    23
 Cast: Flame Tongue      |     4 |    10 |     4 ||    18
       Throw Flame       |       |    16 |     1 ||    17
       Conjure Flame     |       |     6 |       ||     6
       Sticky Flame      |       |     5 |     5 ||    10
       Fireball          |       |     2 |       ||     2
  Use: Potion            |       |     2 |       ||     2
 Stab: Sleeping          |       |       |     1 ||     1
  Eat: Bread ration      |       |     1 |       ||     1
